 Dungeon Crawl Stone Soup version 0.31.0-11-ge490571c62 (webtiles) character file.

Game seed: 9730078956005888601

151 hawla the Conjurer (level 5, -2/39 HPs)
             Began as a Draconian Conjurer on Feb 7, 2024.
             Slain by a black bear (6 damage)
             ... on level 3 of the Dungeon.
             The game lasted 00:06:14 (2672 turns).

hawla the Conjurer (Draconian Conjurer)             Turns: 2672, Time: 00:06:15

Health: -2/39      AC:  6    Str: 10    XL:     5   Next: 10%
Magic:  0/8        EV: 12    Int: 20    God:
Gold:   166        SH:  0    Dex:  9    Spells: 1/8 levels left

rFire   . . .        (no weapon)
rCold   . . .        (no shield)
rNeg    . . .        (body armour unavailable)
rPois   .            (helmet restricted)
rElec   .            (no cloak)
rCorr   .            d - +0 pair of gloves
SInv    +            (no boots)
Will    .....        i - amulet of guardian spirit
Stlth   ++           h - ring of see invisible
HPRegen 0.26/turn    (no ring)
MPRegen 0.11/turn

%: guardian spirit
@: about to teleport
A: AC +5, unfitting armour, cold-blooded
a: no special abilities


You were on level 3 of the Dungeon.
You visited 1 branch of the dungeon, and saw 3 of its levels.

You collected 166 gold pieces.

Inventory:

Armour
 d - a +0 pair of gloves (worn)
Jewellery
 h - a ring of see invisible (left hand)
 i - an amulet of guardian spirit (around neck)
 l - a ring of fire
 m - an amulet of the acrobat
Scrolls
 b - a scroll of teleportation
 e - a scroll of torment {unknown}
 f - a scroll of silence {unknown}
 g - 5 scrolls of identify {unknown}
 k - a scroll of fog {unknown}
Potions
 a - a potion of magic
 c - 2 potions of curing {unknown}
 j - 2 potions of cancellation {unknown}


   Skills:
 - Level 0.8 Fighting
 - Level 3.0 Dodging
 - Level 2.0 Stealth
 - Level 2.3 Spellcasting
 - Level 4.2 Conjurations
 + Level 2.7 Translocations
 - Level 1.3 Evocations


You had one spell level left.
You knew the following spells:

 Your Spells              Type           Power      Damage    Failure   Level
a - Magic Dart            Conj           76%        1d6       2%          1
b - Searing Ray           Conj           38%        2d5       4%          2
c - Iskenderun's Mystic   Conj/Tloc      16%        2d5       36%         4

Your spell library contained the following spells:

 Spells                   Type           Power      Damage    Failure   Level
 Apportation              Tloc           26%        N/A       4%          1
 Sting                    Conj/Alch      40%        1d5       6%          1
 Necrotise                Necr           8%         1d4       16%         1
 Summon Small Mammal      Summ           8%         N/A       16%         1
 Fulminant Prism          Conj/Alch      5%         3d6       54%         4


Dungeon Overview and Level Annotations

Branches:
Dungeon (3/15)

Altars:
Uskayaw


Innate Abilities, Weirdness & Mutations

Your plain brown scales are hard. (AC +5)
You cannot fit into any form of body armour.
You are cold-blooded and may be slowed by cold attacks.


Message History

A black bear comes into view.
A black bear is nearby!
The black bear growls angrily.
Casting: Magic Dart (safe; 2% risk of failure)
Confirm with . or Enter, or press ? or * to list all spells.
Aiming: Searing Ray (safe; 4% risk of failure)
Press: ? - help, Shift-Dir - straight line, f - black bear
Aim: a black bear (84% to hit)
The searing ray hits the black bear!
The black bear is moderately wounded. (Press . to maintain the ray.)
The searing ray hits the black bear.
The black bear is heavily wounded.
The searing ray hits the black bear!
The black bear is almost dead.
The black bear goes berserk!
The searing ray misses the black bear.
You finish channelling your searing ray.
The black bear misses you.
The black bear claws you but does no damage.
The black bear claws you. The black bear bites you!
The black bear claws you. x2
Casting: Searing Ray (safe; 4% risk of failure)
Confirm with . or Enter, or press ? or * to list all spells.
Aiming: Magic Dart (safe; 2% risk of failure)
Press: ? - help, Shift-Dir - straight line, f/p - black bear
Aim: a black bear (severely wounded, berserk, 100% to hit)
The magic dart hits the black bear.
The black bear is almost dead.
The black bear bites you but does no damage.
The black bear claws you. The black bear barely misses you.
As you read the scroll labelled XEPUSEVIGA, it crumbles to dust.
You feel strangely unstable.
It was a scroll of teleportation.
The black bear bites you. The black bear claws you.
* * * LOW HITPOINT WARNING * * *
The black bear closely misses you. The black bear bites you.
* * * LOW HITPOINT WARNING * * *
The black bear claws you.
* * * LOW HITPOINT WARNING * * *
The black bear claws you.
You die...

...## ..# ######
..# ######## ...
........ #.#
######## #.# .#
###### #.##)#
#..... #h##.#
#.#### #@##.# #[#
#.##.# #.###
#.##.## #...#
#.#<..#######.#.#
#........#..._..#
##.........##.###
#.....#..###.#
##...##..# #.#
######..# ...


You could see a black bear (berserk).

Vanquished Creatures
  A bombardier beetle (D:3)
  8 adders
  2 dart slugs (D:1)
  A ribbon worm (D:2)
  5 ball pythons
  A bat (D:1)
  3 endoplasms
  5 giant cockroaches (D:1)
  4 goblins
  2 hobgoblins
  4 kobolds
  4 quokkas
  A rat (D:3)
41 creatures vanquished.

Notes
Turn   | Place    | Note
-------+----------+-------------------------------------------
     0 | D:1      | hawla the Draconian Conjurer began the quest for the Orb.
     0 | D:1      | Reached XP level 1. HP: 14/14 MP: 3/3
   219 | D:1      | Reached XP level 2. HP: 18/20 MP: 0/5
   311 | D:1      | Learned a level 2 spell: Searing Ray
  1009 | D:2      | Reached skill level 1 in Evocations
  1009 | D:2      | Reached XP level 3. HP: 27/27 MP: 1/6
  1716 | D:2      | Reached XP level 4. HP: 34/34 MP: 0/7
  1853 | D:2      | Learned a level 4 spell: Iskenderun's Mystic Blast
  2160 | D:3      | Reached skill level 1 in Translocations
  2476 | D:3      | Reached XP level 5. HP: 39/39 MP: 5/8
  2639 | D:3      | Found a hide-covered altar of Uskayaw.
  2664 | D:3      | Noticed a black bear
  2672 | D:3      | Slain by a black bear

Illustrated notes

Levels and vault maps discovered:
D:1:      dpeg_arrival_windows_large_door, layout_loops_cross,
          chequers_hall_statues_corner_a, minmay_worlds_worst_comb
D:2:      minmay_evil_eye, layout_basic, nicolae_kite_square_tiling_tiny,
          kennysheep_boxes
D:3:      layout_loops_ring, lemuel_crystal_altar,
          shapermc_ecumenical_altar_acropolis,
          amcnicky_mini_rare_corridor_liquid

Skill      XL: |  1  2  3  4 |
---------------+-------------+-----
Stealth        | 2 |  2.0
Dodging        | 2 3 |  3.0
Evocations     | 1 |  1.3
Translocations | 2 |  2.7
Fighting       | |  0.8
Spellcasting   | |  2.3
Conjurations   | |  4.2

Action                     |  1- 3 |  4- 6 || total
---------------------------+-------+-------++-------
  Melee: Unarmed           |    52 |     4 ||    56
         Tailslap          |     4 |       ||     4
         Punch             |     1 |       ||     1
   Cast: Magic Dart        |    51 |    18 ||    69
         Searing Ray       |     9 |     6 ||    15
    Use: Scroll            |       |     1 ||     1
 Armour: Skin              |    36 |    15 ||    51
  Dodge: Dodged            |    33 |     4 ||    37
